AoeStats
← ojrguio

Arena

510024204Analyzed
4v4 RM · 4d ago on Sep 29, 2026· 42m 19s· 8 players
Game mode
Random Map
Map size
Large (8 player)
Population
200
Speed
Normal
Resources
Standard
Victory
Conquest
Starting age
Dark Age
Ending age
Imperial Age
RankedLock teamsTeams togetherTeam positionsShared explorationLock speedFull tech treeHidden civsTurbo modeCheats
Victory
Defeat
🇲🇽 Danes · Mexico
1221
+12
🇪🇨 Turks · Ecuador
1085
+17
🇲🇽 Italians · Mexico
1080
+17
🇲🇽 Britons · Mexico
1078
+17
🇨🇴 Turks · Colombia
1129
-17
🇨🇴 Persians · Colombia
1128
-16
🇨🇴 Lithuanians · Colombia
1122
-16
🇨🇴 Franks · Colombia
1079
-14
cfosorioq
10:28 Feudal Age
12:22 Loom
15:06 Castle Age
13:59 Double-Bit Axe
14:15 Gold Mining
26:15 Gold Shaft Mining
26:23 Bloodlines
26:24 Scale Barding Armor
28:51 Bow Saw
29:37 Wheelbarrow
29:28 Forging
31:48 Stone Mining
33:31 Iron Casting
33:24 Hand Cart
ojrguio
8:24 Loom
12:16 Feudal Age
16:15 Castle Age
14:32 Double-Bit Axe
15:04 Horse Collar
16:01 Wheelbarrow
15:16 Loom
16:06 Wheelbarrow
28:15 Crossbowman
28:21 Elite Skirmisher
29:12 Thumb Ring
29:46 Padded Archer Armor
29:39 Fletching
31:04 Fortified Wall
31:03 Gold Mining
32:30 Ballistics
32:57 Padded Archer Armor
32:52 Bodkin Arrow
38:17 Leather Archer Armor
42:17 Imperial Age
41:06 Hand Cart
sociocortes
11:26 Feudal Age
15:46 Castle Age
13:42 Double-Bit Axe
16:47 Bow Saw
19:19 Gold Mining
19:21 Stone Mining
23:13 Gold Shaft Mining
24:49 Loom
25:41 Wheelbarrow
26:40 Husbandry
26:01 Light Cavalry
27:52 Hand Cart
31:32 Forging
31:28 Scale Barding Armor
31:24 Scale Mail Armor
31:28 Squires
31:14 Arson
34:52 Imperial Age
33:20 Chain Barding Armor
32:29 Pikeman
33:48 Iron Casting
35:08 Cavalier
35:21 Elite Skirmisher
35:50 Cranequins
36:55 Masonry
36:25 Treadmill Crane
37:46 Chemistry
39:34 Architecture
39:03 Ordonnance Companies
40:05 Conscription
39:38 Paladin
41:22 Heavy Mounted Crossbowman
caaruizma
12:18 Feudal Age
19:21 Castle Age
17:52 Fletching
23:41 Imperial Age
23:51 Double-Bit Axe
Jomaloro
10:28 Feudal Age
14:36 Castle Age
13:59 Double-Bit Axe
16:49 Bow Saw
17:16 Wheelbarrow
16:23 Horse Collar
20:57 Fletching
22:55 Hand Cart
23:51 Bodkin Arrow
25:02 Padded Archer Armor
27:55 Leather Archer Armor
31:53 Imperial Age
29:11 Loom
29:52 Heavy Plow
31:03 Gold Mining
31:04 Stone Mining
31:06 Town Watch
31:43 Caravan
33:54 Two-Man Saw
32:50 Elite Genoese Crossbowman
33:51 Conscription
34:49 Chemistry
34:47 Crop Rotation
35:53 Bracer
36:29 Ballistics
35:50 Treadmill Crane
36:18 Thumb Ring
37:11 Hoardings
41:24 Stone Shaft Mining
41:19 Silk Road
Fravo
10:40 Feudal Age
12:34 Loom
15:07 Castle Age
16:15 Double-Bit Axe
16:47 Horse Collar
17:36 Bow Saw
18:35 Wheelbarrow
22:24 Squires
22:44 Gambesons
23:11 Scale Mail Armor
24:15 Gold Mining
24:34 Town Watch
25:35 Forging
26:03 Gold Shaft Mining
28:39 Hand Cart
30:05 Stone Mining
31:33 Chain Mail Armor
31:08 Arson
30:45 Pikeman
34:00 Iron Casting
37:55 Imperial Age
38:05 Elite Varangian Guard
39:49 Plate Mail Armor
38:49 Halberdier
40:17 Conscription
41:14 Blast Furnace
39:53 Hamask
42:42 Caravan
SirSpoock
0:53 Loom
10:57 Feudal Age
11:59 Double-Bit Axe
22:36 Castle Age
21:12 Scale Mail Armor
21:23 Forging
21:32 Horse Collar
21:45 Gold Mining
23:50 Pikeman
25:34 Heavy Plow
26:03 Chain Mail Armor
29:51 Squires
32:51 Fletching
34:20 Bodkin Arrow
36:47 Padded Archer Armor
LA MAQUINA SANCHEZ
11:51 Feudal Age
16:16 Castle Age
21:52 Imperial Age
20:49 Double-Bit Axe
20:45 Horse Collar
21:05 Gold Mining
21:21 Padded Archer Armor
25:49 Bow Saw
27:50 Town Watch
28:40 Wheelbarrow
27:52 Loom
31:44 Hand Cart
31:31 Town Patrol
31:19 Heavy Camel Rider
32:18 Bloodlines
32:09 Husbandry
33:47 Scale Barding Armor
33:53 Forging
41:48 Chain Barding Armor
42:04 Iron Casting
41:39 Heavy Plow
Connection lost

Rejoining the realm…

Still unreachable

The connection could not be restored.

Session expired

The server has moved on; the page needs a fresh start.